 Dungeon Crawl Stone Soup version 0.24.0-37-gcf1ca852f1 (webtiles) character file.

Game seed: 15987147209370037692, levelgen mode: deterministic

49 Descartes the Ducker (level 3, -6/17 HPs)
             Began as a Felid Monk on Dec 1, 2019.
             Splashed by a jelly's acid (8 damage)
             ... on level 2 of the Dungeon.
             The game lasted 00:02:50 (1812 turns).

Descartes the Ducker (Felid Monk)                   Turns: 1812, Time: 00:02:51

Health: -6/17      AC: -7    Str:  8    XL:     3   Next: 51%
Magic:  4/4        EV: 20    Int: 11    God:
Gold:   77         SH:  0    Dex: 18    Spells: 2/2 levels left
                                        Lives:  0   Deaths: 0

rFire    . . .     SeeInvis +     - Unarmed
rCold    . . .     Gourm    .   (shield unavailable)
rNeg     . . .     Faith    .   (armour unavailable)
rPois    .         Spirit   .   (helmet unavailable)
rElec    .         Reflect  .   (cloak unavailable)
rCorr    .         Harm     .   (gloves unavailable)
MR       .....                  (boots unavailable)
Stlth    +++.......             (no amulet)
HPRegen  0.05/turn              (no ring)
MPRegen  0.09/turn              (no ring)

@: corroded, quick
A: very small, no armour, no weapons or thrown items, stealth, claws 1, fangs 3,
see invisible, carnivore, speed 1, shaggy fur 1, slow metabolism 1, sharp paws
a: no special abilities


You were on level 2 of the Dungeon.
You were completely stuffed.

You visited 1 branch of the dungeon, and saw 2 of its levels.

You collected 77 gold pieces.

Inventory:

Missiles
 g - 12 arrows
Scrolls
 d - 4 scrolls of identify {unknown}
 e - a scroll of amnesia {unknown}
 h - 2 scrolls of fog {unknown}
 j - a scroll of teleportation {unknown}
 k - 3 scrolls of enchant weapon {unknown}
 l - a scroll of random uselessness {unknown}
 m - a scroll of remove curse {unknown}
Potions
 b - a potion of flight {unknown}
 c - 3 potions of heal wounds {unknown}
 i - a potion of curing {unknown}
Comestibles
 a - 5 rations
 f - 2 chunks of flesh


   Skills:
 + Level 3.4 Fighting
 + Level 4.4 Dodging
 + Level 3.2 Stealth
 + Level 3.7 Unarmed Combat


You had 2 spell levels left.
You didn't know any spells.
Your spell library was empty.

Dungeon Overview and Level Annotations

Branches:
Dungeon (2/15)

Altars:


Innate Abilities, Weirdness & Mutations

You cannot wear armour.
You are incapable of wielding weapons or throwing items.
Your paws allow you to move quietly. (Stealth)
You have sharp claws.
You have razor-sharp teeth.
You have supernaturally acute eyesight. (SInv)
You are carnivorous and can eat meat at any time.
You cover ground quickly.
You are covered in fur. (AC +1)
You have a slow metabolism.
Your sharp claws are effective at attacking unaware monsters.


Message History

Some of the chunks of flesh in your inventory have rotted away.
HP restored.
You now have 77 gold pieces (gained 10).
There is a stone staircase leading up here.
There is a stone staircase leading up here.
A jelly comes into view.
The jelly quivers.
The jelly hits you. The acid corrodes you!
You are splashed with acid!
You are too injured to fight recklessly!
You are too injured to fight recklessly!
You barely miss the jelly.
The jelly jiggles.
The jelly barely misses you.
You scratch the jelly.
Your paws burn!
* * * LOW HITPOINT WARNING * * *
The jelly is lightly wounded.
The jelly hits you.
* * * LOW HITPOINT WARNING * * *
The acid corrodes you!
You are splashed with acid!
You die...

#รท#.........#.##.#
#...####.##.#.##.####
##### #.............
####.#......##
#.#####..# #.# #..#
########.# #..#
#........# #..#
#@######## #..# #J#
#..# #.# #..# #.#
#..# #.# #.. ###


You could see a jelly.

Vanquished Creatures
  An adder (D:2)
  A leopard gecko (D:2)
  2 ball pythons (D:1)
  3 giant cockroaches
  5 goblins (D:1)
  5 hobgoblins (D:1)
  A quokka (D:2)
  3 bats
  4 frilled lizards
  8 kobolds (D:1)
  5 rats
38 creatures vanquished.

Notes
Turn   | Place    | Note
-------+----------+-------------------------------------------
     0 | D:1      | Descartes the Felid Monk began the quest for the Orb.
     0 | D:1      | Reached XP level 1. HP: 10/10 MP: 2/2
   113 | D:1      | Reached XP level 2. HP: 9/14 MP: 3/3
   838 | D:1      | Reached XP level 3. HP: 17/17 MP: 4/4
  1812 | D:2      | Splashed by a jelly's acid

Levels and vault maps discovered:
D:1:      lemuel_arrival_room, layout_rooms, serial_glass, glass_columns_a,
          glass_columns_a, glass_columns_a, glass_columns_a, glass_columns_a,
          glass_columns_c, minmay_nonomino_d4
D:2:      layout_loops_ring

Skill      XL: |  1  2 |
---------------+-------+-----
Stealth        | 3 |  3.2
Fighting       | |  3.4
Dodging        | |  4.4
Unarmed Combat | |  3.7

Action                   || total
-------------------------++-------
Melee: Unarmed           ||   104
       Bite              ||     7
       Punch             ||     1
 Stab: Sleeping          ||     3
  Eat: Chunk             ||     9
Armor: Skin              ||     7
Dodge: Dodged            ||    76
